AoeStats
← Bombacı Mülayim

Arabia

508258619Analyzed
2v2 RM · 10d ago on Sep 21, 2026· 21m 18s· 4 players
Game mode
Random Map
Map size
Medium (4 player)
Population
200
Speed
Normal
Resources
Standard
Victory
Conquest
Starting age
Dark Age
Ending age
Imperial Age
RankedLock teamsTeams togetherTeam positionsShared explorationLock speedFull tech treeHidden civsTurbo modeCheats
Victory
Defeat
🇹🇷 Ethiopians · Türkiye
1481
+15
1441
+29
🇺🇸 Persians · United States
1449
-15
🇵🇰 Lithuanians · Pakistan
1448
-15
Bombacı Mülayim
6:50 Loom
9:06 Feudal Age
9:48 Double-Bit Axe
12:02 Fletching
PhishStickPhilanthropist
5:28 Loom
8:42 Feudal Age
9:22 Double-Bit Axe
10:42 Horse Collar
16:26 Forging
20:58 Castle Age
19:28 Forging
19:39 Scale Barding Armor
19:52 Bloodlines
20:08 Scale Mail Armor
20:03 Gold Mining
21:03 Light Cavalry
21:45 Squires
22:02 Chain Mail Armor
superzaiyen
5:47 Loom
8:52 Feudal Age
9:24 Double-Bit Axe
9:22 Horse Collar
17:03 Scale Barding Armor
Basil The Macedonian
7:34 Loom
9:40 Feudal Age
11:13 Double-Bit Axe
18:13 Scale Barding Armor
19:14 Town Watch
20:04 Wheelbarrow
20:59 Wheelbarrow
Connection lost

Rejoining the realm…

Still unreachable

The connection could not be restored.

Session expired

The server has moved on; the page needs a fresh start.